 Dungeon Crawl Stone Soup version 0.22-a0-460-g49b1da7 (webtiles) character file.

49 4thArraOfDagon the Slasher (level 3, 1/33 HPs)
             Began as a Minotaur Monk on June 9, 2018.
             Quit the game on level 4 of the Dungeon.
             The game lasted 00:01:06 (198 turns).

4thArraOfDagon the Slasher (Minotaur Monk)           Turns: 198, Time: 00:01:07

Health: 1/33       AC:  4    Str: 15    XL:     3   Next: 51%
Magic:  2/2        EV: 13    Int:  8    God:
Gold:   22         SH:  0    Dex: 12    Spells: 2/2 levels left

rFire    . . .     SeeInvis .   a - +0 falchion
rCold    . . .     Gourm    .   (no shield)
rNeg     . . .     Faith    .   b - +0 robe
rPois    .         Spirit   .   (helmet restricted)
rElec    .         Reflect  .   (no cloak)
rCorr    .         Harm     .   (no gloves)
MR       .....                  f - +1 pair of boots
Stlth    ++........             (no amulet)
HPRegen  0.11/turn              (no ring)
MPRegen  0.08/turn              (no ring)

@: lethally poisoned (1 -> -4)
A: retaliatory headbutt, horns 2
a: no special abilities


You were on level 4 of the Dungeon.
You were not hungry.

You visited 1 branch of the dungeon, and saw 4 of its levels.

You collected 22 gold pieces.

Inventory:

Hand Weapons
 a - a +0 falchion (weapon)
Armour
 b - a +0 robe (worn)
 f - a +1 pair of boots (worn)
Scrolls
 d - a scroll of noise {unknown}
Comestibles
 c - 2 rations


   Skills:
 + Level 4.2 Fighting
 * Level 4.7 Long Blades
 + Level 3.7 Dodging
 - Level 1.5 Stealth


You had 2 spell levels left.
You didn't know any spells.
Your spell library was empty.

Dungeon Overview and Level Annotations

Branches:
Dungeon (4/15)
 Temple: D:4-7

Altars:


Innate Abilities, Weirdness & Mutations

You reflexively headbutt those who attack you in melee.
You have a pair of horns on your head.


Message History

Unknown command.
You closely miss the worker ant.
The worker ant is moderately wounded.
You feel sick.
The worker ant bites you but does no damage.
The worker ant bites you.
* * * LOW HITPOINT WARNING * * *
Unknown command.
You hit the worker ant.
The worker ant is moderately wounded.
* * * LOW HITPOINT WARNING * * *
You feel sick.
The worker ant bites you but does no damage.
Unknown command.
You closely miss the worker ant.
The worker ant is moderately wounded.
The worker ant bites you.
* * * LOW HITPOINT WARNING * * *
Unknown command.
Are you sure you want to abandon this character and quit the game? (Confirm with "yes".)

...... .....
.... ..( ... ..
... #
#.#####.......
#.#........#$...
#...<####..#....
#...@†#...#.....
#...#a#.##......
#.#.#o..#..#....
#...............
#...........###
#...............
#........#######
#........#
#.$....!.#


You could see a worker ant and an orc.

Vanquished Creatures
  A gnoll (D:1)
  An adder (D:4)
  An ooze (D:2)
  3 leopard geckos (D:2)
  A giant cockroach (D:1)
  2 hobgoblins (D:2)
  6 jackals
  A kobold (D:1)
  A bat (D:1)
  A frilled lizard (D:2)
  2 goblins
  A rat (D:1)
21 creatures vanquished.

Notes
Turn   | Place    | Note
-------+----------+-------------------------------------------
     0 | D:1      | 4thArraOfDagon the Minotaur Monk began the quest for the Orb.
     0 | D:1      | Reached XP level 1. HP: 19/19 MP: 0/0
    34 | D:1      | Reached XP level 2. HP: 9/27 MP: 1/1
   135 | D:2      | Reached XP level 3. HP: 11/33 MP: 2/2
   197 | D:4      | HP: 1/33 [worker ant (4)]
   198 | D:4      | Quit the game

Vault maps used:
D:1:      scummos_arrival_simple_crosswalls, roderic_lattice_a
D:2:      uniq_sigmund
D:4:      minmay_temple_entry_statues_fountains, first_ration, enter_ossuary_1,
          hangedman_minor_gate_pass

Skill      XL: |  1  2 |
---------------+-------+-----
Long Blades    | 4 |  4.7
Fighting       | 4 |  4.2
Dodging        | |  3.7
Stealth        | |  1.5

Action                   || total
-------------------------++-------
Melee: Falchion          ||    36
       Headbutt          ||     9
  Use: Potion            ||     1
 Stab: Sleeping          ||     1
Armor: Robe              ||     9
Dodge: Dodged            ||    24
       Rpst.: Falchion   ||    10

Table legend:
 A = Spawn XP
 B = Non-spawn XP
 C = Spawn XP percentage of total XP
 D = Spawn monster count
 E = Non-spawn monster count
 F = Spawn count percentage of total count
 G = Total turns spent on level
                    A         B        C        D         E        F      G
               +---------+---------+-------+---------+---------+-------+---------
         Total |       0 |      70 |   0.0 |       0 |      21 |   0.0 |   198
               +---------+---------+-------+---------+---------+-------+---------
           D:1 |       0 |      28 |   0.0 |       0 |       9 |   0.0 |    51
           D:2 |       0 |      29 |   0.0 |       0 |      11 |   0.0 |   107
           D:4 |       0 |      13 |   0.0 |       0 |       1 |   0.0 |    28
               +---------+---------+-------+---------+---------+-------+---------
